 Dungeon Crawl Stone Soup version 0.22-a0-848-ge9e22a0 (webtiles) character file.

123 Amnesiac the Digger (level 4, -3/30 HPs)
             Began as a Mummy Earth Elementalist on July 26, 2018.
             Killed from afar by an orc wizard (15 damage)
             ... with a puff of flame
             ... on level 4 of the Dungeon.
             The game lasted 00:02:56 (1266 turns).

Amnesiac the Digger (Mummy Earth Elementalist)      Turns: 1266, Time: 00:02:57

Health: -3/30      AC:  2    Str: 11    XL:     4   Next: 79%
Magic:  9/9        EV: 14    Int: 15    God:
Gold:   50         SH:  0    Dex: 12    Spells: 7/10 levels left

rFire    x . .     SeeInvis .   d - +0 hunting sling
rCold    + . .     Gourm    .   (no shield)
rNeg     + + +     Faith    .   c - +0 robe
rPois    ∞         Spirit   .   (no helmet)
rElec    .         Reflect  .   (no cloak)
rCorr    .         Harm     .   (no gloves)
MR       .....                  (no boots)
Stlth    ++........             (no amulet)
HPRegen  0.10/turn              i - +2 ring of evasion
MPRegen  0.11/turn              (no ring)

@: no status effects
A: no food or potions, fire vulnerability, cold resistance 1, negative energy
resistance 3, torment resistance, unbreathing
a: no special abilities


You were on level 4 of the Dungeon.
You were not hungry.

You visited 1 branch of the dungeon, and saw 4 of its levels.

You collected 50 gold pieces.

Inventory:

Hand Weapons
 d - a +0 hunting sling (weapon)
Missiles
 b - 39 stones (quivered)
Armour
 c - a +0 robe (worn)
 e - a +0 buckler
Jewellery
 i - a +2 ring of evasion (left hand)
Scrolls
 a - 2 scrolls of teleportation {!r}


   Skills:
 - Level 1.5 Dodging
 - Level 1.5 Stealth
 + Level 1.1 Shields
 + Level 3.8 Spellcasting
 - Level 0.7 Transmutations
 * Level 3.9 Earth Magic


You had 7 spell levels left.
You knew the following spells:

 Your Spells              Type           Power        Failure   Level  Hunger
a - Sandblast             Erth           ##....       3%          1    N/A
b - Passwall              Tmut/Erth      #.......     11%         2    N/A

Your spell library contained the following spells:

 Spells                   Type           Power        Failure   Level  Hunger
 Stone Arrow              Conj/Erth      #.....       24%         3    N/A
 Lee's Rapid Deconstruct  Erth           ##........   69%         5    N/A
 Petrify                  Tmut/Erth      #.......     56%         4    N/A

Dungeon Overview and Level Annotations

Branches:
Dungeon (4/15)
 Temple: D:4-7

Altars:

Annotations:
D:2 exclusion: leopard gecko, Sigmund


Innate Abilities, Weirdness & Mutations

You do not eat or drink.
Your flesh is vulnerable to fire.
You are immune to poison.
Your flesh is cold resistant. (rC+)
You are immune to negative energy. (rN+++)
You are immune to unholy pain and torment.
You can survive without breathing.


Message History

The orc is severely wounded.
b - 43 stones The orc hits you with a dagger.
* * * LOW HITPOINT WARNING * * *
Casting: Sandblast (safe; 3% risk of failure)
Confirm with . or Enter, or press ? or * to list all spells.
Aiming: Sandblast (safe; 3% risk of failure)
Press: ? - help, Shift-Dir - straight line, f/p - orc
Aim: an orc, wielding a dagger and wearing a chain mail (severely wounded)
The blast of sand misses the orc.
b - 42 stones The orc misses you.
Casting: Sandblast (safe; 3% risk of failure)
Confirm with . or Enter, or press ? or * to list all spells.
Aiming: Sandblast (safe; 3% risk of failure)
Press: ? - help, Shift-Dir - straight line, f/p - orc
Aim: an orc, wielding a dagger and wearing a chain mail (severely wounded)
You miscast Sandblast.
You are very lightly contaminated with residual magic.
You momentarily stiffen.
The orc closely misses you.
Casting: Sandblast (safe; 3% risk of failure)
Confirm with . or Enter, or press ? or * to list all spells.
Aiming: Sandblast (safe; 3% risk of failure)
Press: ? - help, Shift-Dir - straight line, f/p - orc
Aim: an orc, wielding a dagger and wearing a chain mail (severely wounded)
The blast of sand hits the orc.
The orc is severely wounded.
b - 41 stones The orc hits you with a dagger.
* * * LOW HITPOINT WARNING * * *
Casting: Sandblast (safe; 3% risk of failure)
Confirm with . or Enter, or press ? or * to list all spells.
Aiming: Sandblast (safe; 3% risk of failure)
Press: ? - help, Shift-Dir - straight line, f/p - orc
Aim: an orc, wielding a dagger and wearing a chain mail (severely wounded)
The blast of sand hits the orc.
The orc is severely wounded.
b - 40 stones The orc hits you with a dagger.
* * * LOW HITPOINT WARNING * * *
Casting: Sandblast (safe; 3% risk of failure)
Confirm with . or Enter, or press ? or * to list all spells.
Aiming: Sandblast (safe; 3% risk of failure)
Press: ? - help, Shift-Dir - straight line, f/p - orc
Aim: an orc, wielding a dagger and wearing a chain mail (severely wounded)
The blast of sand hits the orc.
You kill the orc!
b - 39 stones You start resting.
Your magical contamination has completely faded away.
You start resting.
You start resting.
Magic restored.
You start resting.
Magic restored.
You start resting.
The orc wizard is too close now for your liking.
The orc wizard shouts!
You hear a shout!
Found a stone staircase leading up.
Found an escape hatch in the floor.
The orc wizard casts a spell at you. The puff of flame hits you!
The fire burns you terribly!
Ouch! That really hurt!
You die...

.(# ..........
#..#..........
#...#.........
#............
#...........
#....>......
#..........
#..@...#
#..##### #
#..## ##.<
#...# #...#
#...##...#
##.....#
#....##
##o.### #..##


You could see an orc wizard.

Vanquished Creatures
  A howler monkey (D:4)
  A hound (D:4)
  2 adders (D:2)
  2 oozes (D:4)
  A worm (D:2)
  4 orcs
  A giant cockroach (D:2)
  5 goblins
  2 hobgoblins
  4 bats
  2 frilled lizards (D:3)
  2 rats
27 creatures vanquished.

Notes
Turn   | Place    | Note
-------+----------+-------------------------------------------
     0 | D:1      | Amnesiac the Mummy Earth Elementalist began the quest for the Orb.
     0 | D:1      | Reached XP level 1. HP: 13/13 MP: 4/4
   177 | D:2      | Noticed Sigmund
   195 | D:2      | Reached XP level 2. HP: 19/19 MP: 1/5
   199 | D:2      | Learned a level 2 spell: Passwall
   364 | D:2      | Reached XP level 3. HP: 19/24 MP: 5/7
   843 | D:4      | Reached XP level 4. HP: 26/30 MP: 3/9
   846 | D:4      | Reached skill level 1 in Shields
  1131 | D:4      | Noticed a hand axe
  1131 | D:4      | Noticed a hand axe
  1266 | D:4      | Killed from afar by an orc wizard

Vault maps used:
D:1:      nicolae_arrival_washed_ashore, minmay_heptomino_h4
D:2:      yredelemnul_forgotten_temple_becter, uniq_robin, uniq_terence,
          uniq_sigmund
D:3:      first_ration
D:4:      dancing_weapons_uskayaw, minmay_misc_feat_nine_boxes

Skill      XL: |  1  2  3  4 |
---------------+-------------+-----
Earth Magic    | 3 |  3.9
Spellcasting   | 3 |  3.8
Shields        | 1 |  1.1
Dodging        | |  1.5
Stealth        | |  1.5
Transmutations | |  0.7

Action                   |  1- 3 |  4- 6 || total
-------------------------+-------+-------++-------
Melee: Spear             |    18 |       ||    18
 Fire: Hunting sling     |    23 |    24 ||    47
 Cast: Sandblast         |    19 |    11 ||    30
  Use: Scroll            |     1 |     3 ||     4
 Stab: Sleeping          |     2 |       ||     2
Armor: Robe              |     7 |     5 ||    12
Dodge: Dodged            |    23 |    10 ||    33

Table legend:
 A = Spawn XP
 B = Non-spawn XP
 C = Spawn XP percentage of total XP
 D = Spawn monster count
 E = Non-spawn monster count
 F = Spawn count percentage of total count
 G = Total turns spent on level
                    A         B        C        D         E        F      G
               +---------+---------+-------+---------+---------+-------+---------
         Total |       0 |     176 |   0.0 |       0 |      27 |   0.0 |  1266
               +---------+---------+-------+---------+---------+-------+---------
           D:1 |       0 |       3 |   0.0 |       0 |       2 |   0.0 |    96
           D:2 |       0 |      40 |   0.0 |       0 |       8 |   0.0 |   297
           D:3 |       0 |      22 |   0.0 |       0 |      12 |   0.0 |   438
           D:4 |       0 |     111 |   0.0 |       0 |       5 |   0.0 |   435
               +---------+---------+-------+---------+---------+-------+---------
